 Dungeon Crawl Stone Soup version 0.19.5 (webtiles) character file.

14 doot the Magician (level 2, 0/17 HPs)
             Began as an Octopode Wizard on May 15, 2017.
             Slain by a jackal (2 damage)
             ... on level 1 of the Dungeon.
             The game lasted 00:03:04 (586 turns).

doot the Magician (Octopode Wizard)                  Turns: 586, Time: 00:03:05

Health: 0/17       AC:  1    Str:  6    XL:     2   Next: 41%
Magic:  1/6        EV: 13    Int: 20    God:
Gold:   14         SH:  0    Dex: 10    Spells: 3 memorised, 2 levels left

rFire  . . .     SeeInvis .     h - +0 club
rCold  . . .     Gourm    .     (no shield)
rNeg   . . .     Faith    .     a - +0 hat
rPois  .         Spirit   .     (no amulet)
rElec  .         Reflect  .     (no ring)
rCorr  .         Harm     .     (no ring)
MR     .....                    (no ring)
Stlth  +++.......               (no ring)
                                (no ring)
                                (no ring)
                                (no ring)
                                (no ring)

@: no status effects
A: almost no armour, stealthy swim, amphibious, 8 rings, constrict 8, camouflage
1, gelatinous body 1
a: no special abilities


You were on level 1 of the Dungeon.
You were not hungry.

You visited 1 branch of the dungeon, and saw 1 of its levels.

You collected 14 gold pieces.

Inventory:

Hand Weapons
 h - a +0 club (weapon)
Armour
 a - a +0 hat (worn)
Scrolls
 d - a scroll of enchant armour {unknown}
 e - a scroll of teleportation {unknown}
 f - a scroll of identify {unknown}
 g - a scroll of fog {unknown}
Potions
 j - a potion of degeneration {unknown}
Books
 b - a book of Minor Magic

   Spells                             Type                      Level
   a - Magic Dart                     Conjuration                  1
   b - Blink                          Translocation                2
   c - Call Imp                       Summoning                    2
   d - Repel Missiles                 Charms/Air                   2
   e - Slow                           Hexes                        2
   f - Conjure Flame                  Conjuration/Fire             3
   g - Mephitic Cloud                 Conjuration/Poison/Air       3
Comestibles
 c - a bread ration
 i - a chunk of flesh


   Skills:
 * Level 2.1 Dodging
 * Level 2.9 Stealth
 * Level 3.4 Spellcasting
 + Level 1.0 Conjurations
 + Level 1.0 Summonings
   Level 1.0 Translocations


You had 2 spell levels left.
You knew the following spells:

 Your Spells              Type           Power        Failure   Level  Hunger
a - Magic Dart            Conj           #...         12%         1    None
b - Call Imp              Summ           #.......     17%         2    ##.....
c - Slow                  Hex            #.......     24%         2    ##.....


Dungeon Overview and Level Annotations

Branches:
Dungeon (1/15)

Altars:
Ashenzari


Innate Abilities, Weirdness & Mutations

You cannot wear most types of armour.
You are very stealthy in the water. (Stealth+)
You are amphibious.
You can wear up to eight rings at the same time.
You can use your tentacles to constrict eight enemies at once.
Your skin changes colour to match your surroundings (Stealth+).
Your rubbery body absorbs attacks. (AC +1, EV +1)


Message History

Your crimson imp hits the jackal.
The jackal completely misses you.
Your crimson imp closely misses the jackal.
Your crimson imp barely misses the jackal.
Casting: Call Imp
Confirm with . or Enter, or press ? or * to list all spells.
A beastly little devil appears in a puff of flame.
The jackal bites you.
* * * LOW HITPOINT WARNING * * *
The jackal barely misses you.
Your crimson imp hits the jackal but does no damage.
Your crimson imp misses the jackal.
Your crimson imp hits the jackal but does no damage.
The rat misses your crimson imp. The jackal misses you.
Your crimson imp misses the jackal.
The jackal bites you but does no damage.
You see here a short sword.
Your crimson imp blinks!
The jackal bites you.
You die...

..#............#.................
..#..(.......÷###................
#.#..............................
.(#............#.................
....#...>....)##...........#..###
#.............##......###########
.....####.....#......)#≈≈≈≈≈≈≈≈≈≈
.............§.h......#≈PP≈≈♣.P≈≈
.#.##..###..r.5h@.....#≈P♣≈≈P♣♣≈≈
##.##..# #..g5##......#≈♣P≈≈♣.♣≈≈
..##..###....#.......#≈♣♣≈≈P♣P≈≈
.####.................#≈P♣≈≈.♣.≈≈
# ###.#.............#≈.P≈≈...≈≈
#...............#≈P♣≈≈PP♣≈≈
###.>.......#####≈PP≈≈≈≈≈≈≈
##..!#....#...#≈♣.≈.....≈
#......# #...#≈≈≈≈.###.≈


You could see 2 jackals, a hobgoblin, a rat and 2 friendly crimson imps.

Vanquished Creatures
  A dart slug (D:1)
  A leopard gecko (D:1)
  2 hobgoblins (D:1)
  A jackal (D:1)
  2 bats (D:1)
  A frilled lizard (D:1)
  3 rats (D:1)
11 creatures vanquished.

Notes
Turn   | Place    | Note
-------+----------+-------------------------------------------
     0 | D:1      | doot the Octopode Wizard began the quest for the Orb.
     0 | D:1      | Reached XP level 1. HP: 11/11 MP: 4/4
   369 | D:1      | Reached XP level 2. HP: 17/17 MP: 1/6
   373 | D:1      | Learned a level 2 spell: Call Imp
   392 | D:1      | Learned a level 2 spell: Slow
   499 | D:1      | Found a shattered altar of Ashenzari.
   586 | D:1      | Slain by a jackal

Action                   || total
-------------------------++-------
Melee: Unarmed           ||     4
       Club              ||    18
       Constrict         ||     6
       Tentacles         ||     2
 Cast: Magic Dart        ||    21
       Call Imp          ||     3
Armor: Skin              ||     6
Dodge: Dodged            ||    28
